 Dungeon Crawl Stone Soup version 0.29.1-15-g9cfb28693d (webtiles) character file.

Game seed: 12379338726773010317

369 Heoruswealwe the Magician (level 6, -1/32 HPs)
             Began as a Deep Elf Earth Elementalist on Apr 5, 2023.
             Slain by a gnoll
             ... wielding a +0 halberd
              (10 damage)
             ... on level 4 of the Dungeon.
             The game lasted 00:21:04 (2218 turns).

Heoruswealwe the Magician (DEEE)                    Turns: 2218, Time: 00:21:06

Health: -1/32      AC:  4    Str:  5    XL:     6   Next: 41%
Magic:  9/17       EV: 13    Int: 20    God:
Gold:   197        SH:  0    Dex: 21    Spells: 15/18 levels left

rFire   . . .      SeeInvis .   l - +4 falchion (flame)
rCold   . . .      Faith    .   (no shield)
rNeg    . . .      Spirit   .   a - +0 robe
rPois   .          Reflect  .   (helmet restricted)
rElec   .          Harm     .   (no cloak)
rCorr   .          Rampage  .   (no gloves)
Will    .....                   (no boots)
Stlth   ++........              (no amulet)
HPRegen 0.10/turn               o - +6 ring of dexterity
MPRegen 0.15/turn               (no ring)

@: no status effects
A: horns 1, iridescent scales 1, dopey 1
a: no special abilities


You were on level 4 of the Dungeon.
You visited 1 branch of the dungeon, and saw 4 of its levels.

You collected 241 gold pieces.
You spent 44 gold pieces at shops.

Inventory:

Hand Weapons
 l - a +4 falchion of flaming (weapon)
Armour
 a - a +0 robe (worn)
 n - a +0 robe
Jewellery
 o - a +6 ring of dexterity (left hand)
Scrolls
 f - a scroll of enchant armour
 j - a scroll of blinking
Potions
 b - a potion of magic
 d - 2 potions of brilliance
 e - 2 potions of mutation
 q - a potion of heal wounds


   Skills:
 - Level 2.4 Dodging
 - Level 2.4 Stealth
 + Level 6.8 Spellcasting
 - Level 1.1 Transmutations
 + Level 6.1 Earth Magic


You had 15 spell levels left.
You knew the following spells:

 Your Spells              Type           Power      Damage    Failure   Level
a - Sandblast             Erth           62%        2d14      1%          1
z - Passwall              Tmut/Erth      17%        N/A       3%          2

Your spell library contained the following spells:

 Spells                   Type           Power      Damage    Failure   Level
 Stone Arrow              Conj/Erth      38%        3d9       9%          3
 Summon Small Mammal      Summ           24%        N/A       10%         1
 Petrify                  Tmut/Erth      21%        N/A       22%         4
 Call Canine Familiar     Summ           6%         N/A       28%         3
 Summon Guardian Golem    Hex/Summ       6%         N/A       28%         3


Dungeon Overview and Level Annotations

Branches:
Dungeon (4/15)
 Temple: D:4-7

Altars:
Ashenzari
Elyvilon
Hepliaklqana
Okawaru
Zin

Shops:
D:3 ![?[


Innate Abilities, Weirdness & Mutations

You have a pair of small horns on your head.
You are partially covered in iridescent scales. (AC +2)
You are dopey. (Int -2)


Message History

The gnoll moves out of view.
The blast of sand hits the gnoll.
The gnoll is heavily wounded.
A gnoll comes into view. It is wielding a +0 halberd.
The blast of sand hits the gnoll!!
You kill the gnoll!
The gnoll shouts!
The blast of sand hits the gnoll!
The gnoll is heavily wounded.
The gnoll hits you with a +0 whip. The giant cockroach barely misses you.
The gnoll misses you. The giant cockroach misses you.
The blast of sand hits the gnoll!!
You kill the gnoll!
The giant cockroach closely misses you.
The gnoll hits you from afar with a +0 halberd.
The giant cockroach misses you.
The blast of sand hits the giant cockroach but does no damage.
The gnoll hits you from afar with a +0 halberd.
The giant cockroach misses you.
The gnoll hits you from afar with a +0 halberd!
* * * LOW HITPOINT WARNING * * *
You are too injured to fight recklessly!
Casting: Sandblast (safe; 1% risk of failure)
Confirm with . or Enter, or press ? or * to list all spells.
Aiming: Sandblast (safe; 1% risk of failure)
Press: ? - help, Shift-Dir - straight line, f/p - giant cockroach
Aim: a giant cockroach (84% to hit)
The blast of sand hits the giant cockroach!
You kill the giant cockroach!
The gnoll misses you.
Casting: Sandblast (safe; 1% risk of failure)
Confirm with . or Enter, or press ? or * to list all spells.
Aiming: Sandblast (safe; 1% risk of failure)
Press: ? - help, Shift-Dir - straight line, f - gnoll
Aim: a gnoll, wielding a +0 halberd (86% to hit)
The blast of sand hits the gnoll!
The gnoll is severely wounded.
The gnoll misses you.
The gnoll hits you from afar with a +0 halberd!
You die...

#..######.#
#.....#...####
.............##
..............##[
........[........
...............# .
...............# ...
>..............####.....
................@)g.....
.........?....#.#.......
.......#.....##.#.##....
......####..###.#.# ...
#......<.†....#.#<# #
#....######........
#....########......
.....##.........###
........##.....##


You could see a gnoll.

Vanquished Creatures
  A water moccasin (D:3)
  A necrophage (D:4)
  A jelly (D:4)
  2 gnolls (D:4)
  7 adders
  4 worms
  A dart slug (D:4)
  An orc (D:4)
  2 ball pythons
  5 bats
  7 endoplasms
  3 giant cockroaches
  7 hobgoblins
  8 jackals
  4 kobolds
  2 quokkas
  2 frilled lizards
  11 goblins
  8 rats
77 creatures vanquished.

Vanquished Creatures (others)
  8 fungi (D:4)
8 creatures vanquished.

Grand Total: 85 creatures vanquished

Notes
Turn   | Place    | Note
-------+----------+-------------------------------------------
     0 | D:1      | Heoruswealwe the Deep Elf Earth Elementalist began the
                  | quest for the Orb.
     0 | D:1      | Reached XP level 1. HP: 10/10 MP: 6/6
   143 | D:1      | Reached XP level 2. HP: 15/15 MP: 6/8
   146 | D:1      | Learned a level 2 spell: Passwall
   375 | D:1      | Found a faded altar of an unknown god.
   378 | D:1      | Prayed at the altar of an unknown god.
   378 | D:1      | Became a worshipper of Zin the Law-Giver
   378 | D:1      | Reached * piety under Zin
   380 | D:1      | Fell from the grace of Zin
   894 | D:2      | Reached XP level 3. HP: 11/19 MP: 5/10
  1246 | D:2      | Reached XP level 4. HP: 24/24 MP: 5/12
  1531 | D:2      | Gained mutation: You are dopey. (Int -2) [potion of
                  | mutation]
  1531 | D:2      | Gained mutation: You have a pair of small horns on your
                  | head. [potion of mutation]
  1531 | D:2      | Gained mutation: Your body sometimes deteriorates upon
                  | taking damage. [potion of mutation]
  1532 | D:2      | Lost mutation: You are dopey. (Int -2) [potion of mutation]
  1532 | D:2      | Lost mutation: Your body sometimes deteriorates upon taking
                  | damage. [potion of mutation]
  1532 | D:2      | Gained mutation: You are dopey. (Int -2) [potion of
                  | mutation]
  1532 | D:2      | Gained mutation: You are partially covered in iridescent
                  | scales. (AC +2) [potion of mutation]
  1692 | D:3      | Found Nauvodwu's Magic Scroll Shop.
  1705 | D:3      | Bought a scroll of identify for 22 gold pieces
  1705 | D:3      | Bought a scroll of identify for 22 gold pieces
  1710 | D:3      | Reached skill level 5 in Spellcasting
  1741 | D:3      | Noticed a water moccasin
  1747 | D:3      | Killed a water moccasin
  1748 | D:3      | Reached skill level 5 in Earth Magic
  1748 | D:3      | Reached XP level 5. HP: 19/28 MP: 9/15
  1756 | D:3      | Found a white marble altar of Elyvilon.
  1770 | D:3      | Found Foc Sum's Armour Shoppe.
  1841 | D:3      | Found an iron altar of Okawaru.
  1851 | D:3      | Found a broken altar of Ashenzari.
  1895 | D:3      | Found Ejoedgh's Antique Armour Shop.
  1925 | D:3      | Found Nadeuwn's Distillery.
  2058 | D:4      | Found a hazy altar of Hepliaklqana.
  2162 | D:4      | Reached XP level 6. HP: 32/32 MP: 12/17
  2218 | D:4      | Slain by a gnoll

Illustrated notes

Levels and vault maps discovered:
D:1:      dpeg_arrival_renting, layout_basic,
          hellmonk_ecumenical_altar_inner_sanctum,
          nicolae_concentric_dashed_squares_wild
D:2:      minmay_alternating_diamond, layout_rooms
D:3:      layout_basic, mainiacjoe_overflow_catch_the_wave,
          mainiacjoe_overflow_alcove_2, serial_shops, shop, shop, shop, shop,
          st_stairs_10, minmay_misc_feat_doors
D:4:      layout_rooms, mainiacjoe_overflow_boulevard, kennysheep_little_box

Skill      XL: |  1  2  3  4  5  6 |
---------------+-------------------+-----
Spellcasting   | 4 5 6 |  6.8
Earth Magic    | 4 5 6 |  6.1
Dodging        | |  2.4
Stealth        | |  2.4
Transmutations | |  1.1

Action                   |  1- 3 |  4- 6 || total
-------------------------+-------+-------++-------
Melee: Falchion          |       |    26 ||    26
       Headbutt          |       |     9 ||     9
 Cast: Sandblast         |    56 |    52 ||   108
Invok: Renounce Religion |     1 |       ||     1
  Use: Scroll            |       |    13 ||    13
       Potion            |       |     9 ||     9
Armor: Robe              |     2 |       ||     2
Dodge: Dodged            |     5 |    17 ||    22
